 Dungeon Crawl Stone Soup version 0.27-a0-1065-ge809cff456 (webtiles) character file.

Game seed: 2034744930877649272

4956 flotson the Covert (level 10, -1/82 HPs)
             Began as a Gnoll Delver on Apr 23, 2021.
             Was an Initiate of Gozag.
             Slain by Harold
             ... wielding a +0 mace
              (18 damage)
             ... on level 9 of the Dungeon.
             The game lasted 00:17:55 (8875 turns).

flotson the Covert (Gnoll Delver)                   Turns: 8875, Time: 00:17:56

Health: -1/82      AC: 15    Str: 14    XL:     10   Next: 53%
Magic:  18/18      EV: 16    Int:  9    God:    Gozag
Gold:   1054       SH:  5    Dex: 15    Spells: 19/19 levels left

rFire    . . .     SeeInvis .   a - +0 war axe
rCold    . . .     Faith    .   I - +0 buckler
rNeg     . . .     Spirit   .   G - +3 scale mail of Daffodils {Regen+}
rPois    .         Reflect  .   (no helmet)
rElec    .         Harm     .   H - scarf {+Inv}
rCorr    .         Rampage  .   A - +0 pair of gloves
Will     .....                  (no boots)
Stlth    +++.......             (no amulet)
HPRegen  1.23/turn              E - +4 ring of evasion
MPRegen  0.16/turn              D - +4 ring of protection

@: marked
A: fangs 1, strong nose, distributed training
a: Renounce Religion, Evoke Invisibility, Potion Petition, Call Merchant, Bribe
Branch


You were on level 9 of the Dungeon.
You worshipped Gozag.
Gozag was most pleased with you.
You visited 2 branches of the dungeon, and saw 10 of its levels.

You collected 1269 gold pieces.
You spent 120 gold pieces at shops.
You paid 95 gold pieces to Gozag.

Inventory:

Hand Weapons
 a - a +0 war axe (weapon)
 b - a +0 trident
Missiles
 f - 36 bolts
 n - a javelin (quivered)
 r - a throwing net
 L - 28 boomerangs
Armour
 q - a +2 ring mail of cold resistance
 A - a +0 pair of gloves (worn)
 G - the +3 scale mail of Daffodils (worn) {Regen+}
   (You found it on level 4 of the Dungeon)

   It increases your rate of health regeneration.
 H - a scarf of invisibility (worn)
 I - a +0 buckler (worn)
Magical Staves
 k - a staff of air
Jewellery
 e - a +6 ring of strength
 h - a ring of wizardry
 D - a +4 ring of protection (right hand)
 E - a +4 ring of evasion (left hand)
 Q - a ring of poison resistance
Wands
 g - a wand of digging (3)
 s - a wand of flame (36)
Scrolls
 c - 3 scrolls of fog
 d - 3 scrolls of teleportation {unknown}
 i - a scroll of summoning {unknown}
 j - 2 scrolls of enchant weapon {unknown}
 o - 5 scrolls of noise {unknown}
 p - 6 scrolls of identify {unknown}
 u - a scroll of magic mapping
 v - 2 scrolls of acquirement {unknown}
 x - a scroll of silence {unknown}
 B - 2 scrolls of fear
 J - a scroll of amnesia {unknown}
 P - a scroll of vulnerability {unknown}
Potions
 m - 4 potions of curing
 t - 2 potions of heal wounds
 w - 2 potions of flight {unknown}
 z - a potion of mutation {unknown}
 C - 2 potions of degeneration {unknown}
 K - 2 potions of invisibility
 M - a potion of resistance {unknown}
 N - a potion of lignification {unknown}


   Skills:
 + Level 8.5 Fighting
 + Level 5.3 Short Blades
 + Level 5.3 Long Blades
 + Level 7.1 Axes
 + Level 5.3 Maces & Flails
 + Level 5.3 Polearms
 + Level 5.3 Staves
 + Level 5.3 Slings
 + Level 5.3 Bows
 + Level 5.3 Crossbows
 + Level 5.3 Throwing
 + Level 5.3 Armour
 + Level 7.1 Dodging
 + Level 10.9 Stealth
 + Level 5.3 Shields
 + Level 5.3 Unarmed Combat
 + Level 5.3 Spellcasting
 + Level 4.4 Conjurations
 + Level 4.4 Hexes
 + Level 4.4 Summonings
 + Level 4.4 Necromancy
 + Level 4.4 Translocations
 + Level 4.4 Transmutations
 + Level 4.4 Fire Magic
 + Level 4.4 Ice Magic
 + Level 4.4 Air Magic
 + Level 4.4 Earth Magic
 + Level 4.4 Poison Magic
 + Level 5.9 Invocations
 + Level 5.3 Evocations


You had 19 spell levels left.
You didn't know any spells.
Your spell library contained the following spells:

 Spells                   Type           Power      Damage    Failure   Level
 Beastly Appendage        Tmut           20%        N/A       14%         1
 Summon Small Mammal      Summ           40%        N/A       14%         1
 Call Imp                 Summ           10%        N/A       22%         2
 Passwall                 Tmut/Erth      8%         N/A       22%         2
 Poisonous Vapours        Pois/Air       20%        N/A       22%         2
 Wereblood                Tmut           10%        N/A       22%         2
 Call Canine Familiar     Summ           10%        N/A       41%         3
 Ignite Poison            Fire/Tmut/Pois 10%        N/A       41%         3
 Spider Form              Tmut/Pois      5%         N/A       41%         3
 Summon Guardian Golem    Hex/Summ       10%        N/A       41%         3
 Ice Form                 Ice/Tmut       10%        N/A       82%         4
 Summon Ice Beast         Ice/Summ       10%        N/A       82%         4
 Summon Lightning Spire   Summ/Air       10%        N/A       82%         4
 Alistair's Intoxication  Tmut/Pois      6%         N/A       99%         5
 Hydra Form               Tmut           5%         N/A       99%         5
 Dragon Form              Tmut           5%         N/A       100%        7


Dungeon Overview and Level Annotations

Branches:
Dungeon (9/15)             Temple (1/1) D:4
   Lair: D:8-11         Orc: D:9-12

Altars:
Ashenzari
Cheibriados
Dithmenos
Elyvilon
Fedhas
Gozag
Hepliaklqana
Kikubaaqudgha
Makhleb
Nemelex Xobeh
Okawaru
Qazlal
Ru
Sif Muna
Trog
Uskayaw
Vehumet
Wu Jian
Xom
Yredelemnul
Zin
The Shining One
Lugonu

Shops:
D:3 !

Annotations:
D:9 Harold


Innate Abilities, Weirdness & Mutations

You have very sharp teeth.
Your uncanny sense of smell can sniff out nearby items.
Your experience applies equally to all skills.


Message History

You slash Harold!
Harold is heavily wounded.
Harold misses you.
You slash Harold! You bite Harold, but do no damage.
Harold is severely wounded.
Harold hits you with a +0 mace.
* * * LOW HITPOINT WARNING * * *
You strike the helpless Harold from behind!
You hit Harold but do no damage.
Harold is severely wounded.
Harold is no longer blind.
Harold barely misses you. Harold casts a spell at you.
The mark upon you grows brighter.
Your magical contamination has completely faded away.
You hit Harold.
Harold is severely wounded.
You block Harold's attack.
You hit Harold.
Harold is severely wounded.
You block Harold's attack.
You barely miss Harold.
Harold is severely wounded.
Harold hits you but does no damage.
You hit Harold but do no damage.
Harold is severely wounded.
Harold hits you but does no damage.
You hit Harold but do no damage.
Harold is severely wounded.
You block Harold's attack.
You barely miss Harold.
Harold is severely wounded.
Harold hits you with a +0 mace!
* * * LOW HITPOINT WARNING * * *
Harold gestures at you while chanting. The mark upon you grows brighter.
You barely miss Harold.
Harold is severely wounded.
Harold hits you with a +0 mace!!
You die...
Your body crumbles into a pile of gold.

# ##.....## ##.### #.#.#
###.......## #.#.## #....
##.........###....###########[..#
.'.........'.....................
##.........####...###########...#
###.......## ##.## ###[.# #
##.....## #.# #....# # ##...##
#.# #.#### ######'#### #@# #.#
##........# #@# #.# #.###.######
#.# #.# #.###.###§§.. #(#
###.#### #.##...##§≈§≈.#.#
#......# ##.#.....#(§§§.(.#
#.#.##.# ........##.§.≈.###
#.#.##.# .#.###.###..... #.#.##.#
...###)####### #.#.....


You could see Harold.

Vanquished Creatures
  A troll (D:9)
  A hornet (D:8)
  Grinder (D:6)
  A wyvern (D:9)
  4 hogs (D:8)
  A human (D:8)
  A steam dragon (D:8)
  An acid dragon (D:8)
  A water moccasin (D:7)
  3 orc warriors
  A hornet zombie (D:7)
  4 ice beasts
  4 ogres
  4 centaurs
  2 kobold brigands
  3 bullfrogs (D:8)
  5 scorpions
  A water moccasin zombie (D:7)
  A wyvern skeleton (D:4)
  2 howler monkeys
  A centaur zombie (D:6)
  2 bullfrog zombies (D:5)
  3 jellies
  A bullfrog skeleton (D:4)
  An orc priest (D:6)
  4 hounds
  5 iguanas
  10 orc wizards
  A hound skeleton (D:4)
  6 gnolls
  8 adders
  A howler monkey skeleton (D:5)
  3 ufetubi
  A worm (D:5)
  2 dart slugs
  27 orcs
  5 ball pythons
  4 bats
  7 endoplasms
  A giant cockroach (D:3)
  4 hobgoblins
  8 jackals
  9 kobolds
  3 quokkas
  4 frilled lizards
  5 goblins
  5 rats
173 creatures vanquished.

Notes
Turn   | Place    | Note
-------+----------+-------------------------------------------
     0 | D:5      | Reached skill level 9 in Stealth
     0 | D:5      | flotson the Gnoll Delver began the quest for the Orb.
     0 | D:5      | Reached XP level 1. HP: 23/23 MP: 1/1
     4 | D:5      | Noticed an orc wizard
     4 | D:5      | Noticed an orc wizard
   270 | D:4      | Noticed a scorpion
   283 | D:4      | Found a snail-covered altar of Cheibriados.
   463 | D:1      | Reached XP level 2. HP: 26/29 MP: 2/2
  1357 | D:2      | Reached XP level 3. HP: 20/35 MP: 2/4
  1831 | D:2      | Found a faded altar of an unknown god.
  1864 | D:2      | Reached skill level 1 in Invocations
  2175 | D:3      | Reached skill level 1 in Short Blades
  2175 | D:3      | Reached skill level 1 in Long Blades
  2175 | D:3      | Reached skill level 1 in Maces & Flails
  2175 | D:3      | Reached skill level 1 in Polearms
  2175 | D:3      | Reached skill level 1 in Staves
  2175 | D:3      | Reached skill level 1 in Slings
  2175 | D:3      | Reached skill level 1 in Bows
  2175 | D:3      | Reached skill level 1 in Crossbows
  2175 | D:3      | Reached skill level 1 in Throwing
  2175 | D:3      | Reached skill level 1 in Armour
  2175 | D:3      | Reached skill level 1 in Shields
  2175 | D:3      | Reached skill level 1 in Unarmed Combat
  2175 | D:3      | Reached skill level 1 in Spellcasting
  2175 | D:3      | Reached skill level 1 in Evocations
  2175 | D:3      | Reached XP level 4. HP: 20/41 MP: 5/5
  2696 | D:3      | Found Mozuamur's Distillery.
  2704 | D:3      | Bought a potion of curing for 30 gold pieces
  2704 | D:3      | Bought a potion of heal wounds for 50 gold pieces
  2704 | D:3      | Bought a potion of might for 40 gold pieces
  2931 | D:3      | Reached skill level 1 in Conjurations
  2931 | D:3      | Reached skill level 1 in Hexes
  2931 | D:3      | Reached skill level 1 in Summonings
  2931 | D:3      | Reached skill level 1 in Necromancy
  2931 | D:3      | Reached skill level 1 in Translocations
  2931 | D:3      | Reached skill level 1 in Transmutations
  2931 | D:3      | Reached skill level 1 in Fire Magic
  2931 | D:3      | Reached skill level 1 in Ice Magic
  2931 | D:3      | Reached skill level 1 in Air Magic
  2931 | D:3      | Reached skill level 1 in Earth Magic
  2931 | D:3      | Reached skill level 1 in Poison Magic
  3329 | D:3      | Killed a scorpion
  3330 | D:3      | Reached XP level 5. HP: 22/47 MP: 5/7
  3747 | D:4      | Reached XP level 6. HP: 46/53 MP: 8/8
  3788 | D:4      | Found a shadowy altar of Dithmenos.
  3909 | D:4      | Found a staircase to the Ecumenical Temple.
  3936 | D:4      | Reached skill level 5 in Axes
  3936 | D:4      | Reached skill level 5 in Dodging
  3948 | Temple   | Entered the Ecumenical Temple
  4050 | Temple   | Became a worshipper of Gozag Ym Sagoz the Greedy
  4097 | D:4      | Identified the +3 scale mail of Daffodils {Regen+}
  4181 | D:4      | Reached XP level 7. HP: 59/59 MP: 10/10
  4488 | D:5      | Found a hide-covered altar of Uskayaw.
  4620 | D:5      | Found a radiant altar of Vehumet.
  5027 | D:5      | Reached skill level 10 in Stealth
  5034 | D:5      | Found a blossoming altar of Fedhas.
  5249 | D:5      | Reached XP level 8. HP: 65/67 MP: 12/12
  5370 | D:6      | Found a white marble altar of Elyvilon.
  5570 | D:6      | Found a basalt altar of Yredelemnul.
  5917 | D:6      | Reached XP level 9. HP: 72/72 MP: 14/14
  6002 | D:6      | Identified the amulet of Vaoschehe {Reflect Harm rF+ Slay-4
                  | SH+5}
  6087 | D:6      | Found a sacrificial altar of Ru.
  6087 | D:6      | Noticed Grinder
  6106 | D:6      | Killed Grinder
  6312 | D:7      | Found a shimmering altar of Xom.
  6312 | D:7      | Noticed an angel
  6313 | D:7      | Found a glowing silver altar of Zin.
  6536 | D:7      | Identified the Reference Book on Shifting Toxins
  6822 | D:7      | Found a shimmering blue altar of Sif Muna.
  7133 | D:8      | Reached skill level 5 in Invocations
  7184 | D:8      | Found a hazy altar of Hepliaklqana.
  7349 | D:8      | Reached XP level 10. HP: 79/80 MP: 17/17
  7402 | D:8      | Reached skill level 5 in Short Blades
  7402 | D:8      | Reached skill level 5 in Long Blades
  7402 | D:8      | Reached skill level 5 in Maces & Flails
  7402 | D:8      | Reached skill level 5 in Polearms
  7402 | D:8      | Reached skill level 5 in Staves
  7402 | D:8      | Reached skill level 5 in Slings
  7402 | D:8      | Reached skill level 5 in Bows
  7402 | D:8      | Reached skill level 5 in Crossbows
  7402 | D:8      | Reached skill level 5 in Throwing
  7402 | D:8      | Reached skill level 5 in Armour
  7402 | D:8      | Reached skill level 5 in Shields
  7402 | D:8      | Reached skill level 5 in Unarmed Combat
  7402 | D:8      | Reached skill level 5 in Spellcasting
  7402 | D:8      | Reached skill level 5 in Evocations
  7493 | D:8      | Found an ornate altar of the Wu Jian Council.
  7555 | D:8      | Paralysed by a hornet for 1 turns
  8578 | D:9      | Found an iron altar of Okawaru.
  8830 | D:9      | Found a sparkling altar of Nemelex Xobeh.
  8830 | D:9      | Noticed Harold
  8875 | D:9      | Slain by Harold

Illustrated notes

Levels and vault maps discovered:
D:1:      dpeg_arrival_water_temple_mockup, layout_basic
D:2:      layout_loops_cross, shapermc_ecumenical_altar_gd
D:3:      layout_loops_corners, serial_shops, nicolae_shop_statue_plus,
          st_stairs_12
D:4:      layout_loops_cross, amcnicky_altar_gilded,
          nicolae_dithmenos_the_darkroom, minmay_temple_entry_large_hall
D:5:      layout_cave_pods, lemuel_tele_altar, nicolae_vehumet_altar_sigil,
          marbit_many_paths
D:6:      layout_loops_cross, lemuel_crystal_altar, general_overflow_altar,
          nicolae_ru_path_of_blood, eino_tiny_chamber, uniq_grinder
D:7:      layout_basic, grunt_temple_overflow_order_and_chaos_1, led_sif_book
D:8:      layout_basic, lemuel_crystal_altar, overflow_temple_1_default,
          abandoned_shop, corexii_corridor_pit, grunt_livestock
D:9:      layout_loops_corners, kennysheep_okawaru_gauntlet,
          kennysheep_little_box, uniq_harold
Temple:   corrupted_temple

Skill      XL: |  1  2  3  4  5  6  7  8  9 10 |
---------------+-------------------------------+-----
Stealth        | 10 | 10.9
Invocations    | 1 2 3 4 5 |  5.9
Short Blades   | 1 2 3 4 5 |  5.3
Long Blades    | 1 2 3 4 5 |  5.3
Maces & Flails | 1 2 3 4 5 |  5.3
Polearms       | 1 2 3 4 5 |  5.3
Staves         | 1 2 3 4 5 |  5.3
Slings         | 1 2 3 4 5 |  5.3
Bows           | 1 2 3 4 5 |  5.3
Crossbows      | 1 2 3 4 5 |  5.3
Throwing       | 1 2 3 4 5 |  5.3
Armour         | 1 2 3 4 5 |  5.3
Shields        | 1 2 3 4 5 |  5.3
Unarmed Combat | 1 2 3 4 5 |  5.3
Spellcasting   | 1 2 3 4 5 |  5.3
Evocations     | 1 2 3 4 5 |  5.3
Conjurations   | 1 2 3 4 |  4.4
Hexes          | 1 2 3 4 |  4.4
Summonings     | 1 2 3 4 |  4.4
Necromancy     | 1 2 3 4 |  4.4
Translocations | 1 2 3 4 |  4.4
Transmutations | 1 2 3 4 |  4.4
Fire Magic     | 1 2 3 4 |  4.4
Ice Magic      | 1 2 3 4 |  4.4
Air Magic      | 1 2 3 4 |  4.4
Earth Magic    | 1 2 3 4 |  4.4
Poison Magic   | 1 2 3 4 |  4.4
Axes           | 5 6 7 |  7.1
Dodging        | 5 6 7 |  7.1
Fighting       | 7 8 |  8.5

Action                   |  1- 3 |  4- 6 |  7- 9 | 10-12 || total
-------------------------+-------+-------+-------+-------++-------
Melee: Hand axe          |    16 |       |       |       ||    16
       Trident           |    73 |    68 |    21 |    14 ||   176
       Bite              |     6 |    24 |    71 |    23 ||   124
       War axe           |       |    58 |   503 |   164 ||   725
Throw: Javelin           |       |     4 |     5 |     1 ||    10
       Dart              |       |       |     4 |     5 ||     9
Evoke: Wand              |       |       |       |     3 ||     3
  Use: Scroll            |     3 |       |     1 |       ||     4
       Potion            |     1 |     1 |     2 |     1 ||     5
 Stab: Sleeping          |    14 |    13 |     9 |     3 ||    39
       Distracted        |       |       |     1 |     1 ||     2
       Invisible         |       |       |       |     3 ||     3
Armor: Scale mail        |    22 |     7 |   201 |    87 ||   317
       Ring mail         |     8 |    38 |       |       ||    46
Dodge: Dodged            |    42 |    93 |   354 |   141 ||   630
Block: Buckler           |       |       |   131 |    53 ||   184

Table legend: (Time is in decaauts)
 A = Elapsed time spent in this place.
 B = Non-inter-level travel time spent in this place.
 C = Inter-level travel time spent in this place.
 D = Time resting spent in this place.
 E = Time spent auto-exploring this place.
 F = Levels seen in this place.
 G = Mean time per level.
                   A        B        C        D        E       F      G
               +--------+--------+--------+--------+--------+-----+--------+
         Total |   9053 |   8742 |    311 |    376 |   6300 |  10 |  905.3 |
       Dungeon |   8937 |   8640 |    297 |    376 |   6211 |   9 |  993.0 |
        Temple |    116 |    102 |     14 |      0 |     89 |   1 |  116.0 |
               +--------+--------+--------+--------+--------+-----+--------+

Top non-repeatable levels by time:
     D:3: 1429 daAuts
     D:5: 1264 daAuts
     D:8: 1038 daAuts
     D:6: 942 daAuts
     D:1: 913 daAuts
     D:4: 873 daAuts
     D:2: 864 daAuts
     D:7: 849 daAuts
     D:9: 761 daAuts
  Temple: 116 daAuts
